 Dungeon Crawl Stone Soup version 0.29-a0-477-g62b78b4225 (webtiles) character file.

Game seed: 7120203370927369631

559 spaghetti the Covert (level 7, -11/90 HPs)
             Began as a Gnoll Delver on May 24, 2022.
             Mangled by a gnoll
             ... wielding a +0 flail
             ... led by a gnoll shaman
              (13 damage)
             ... on level 5 of the Dungeon.
             The game lasted 00:04:44 (4425 turns).

spaghetti the Covert (Gnoll Delver)                 Turns: 4425, Time: 00:04:45

Health: -11/90     AC: 23    Str: 13    XL:     7   Next: 31%
Magic:  10/10      EV:  2    Int: 10    God:
Gold:   144        SH:  0    Dex: 19    Spells: 10/10 levels left

rFire   . . .      SeeInvis .   o - +4 quarterstaff (chaos) {staff}
rCold   . . .      Faith    .   (shield currently unavailable)
rNeg    . . .      Spirit   .   (body armour currently unavailable)
rPois   +          Reflect  .   (helmet currently unavailable)
rElec   .          Harm     .   (cloak currently unavailable)
rCorr   .          Rampage  .   (gloves currently unavailable)
Will    .....      NoTele   +   (boots currently unavailable)
Stlth   +++++.....              (no amulet)
HPRegen 0.25/turn               n - +6 ring of dexterity
MPRegen 0.12/turn               (no ring)

@: tree-form
A: stationary, stasis, torment immunity, boosted hp, (fangs 1), strong nose,
distributed training
a: no special abilities


You were on level 5 of the Dungeon.
You were a tree.
You visited 1 branch of the dungeon, and saw 6 of its levels.

You collected 144 gold pieces.


Innate Abilities, Weirdness & Mutations

You are a tree.
Your roots penetrate the ground, keeping you stationary.
You cannot be teleported.
You are immune to unholy pain and torment.
Your maximum health is greatly increased.
Your equipment is partially melded.
((You have very sharp teeth.))
Your uncanny sense of smell can sniff out nearby items.
Your experience applies equally to all skills.


   Skills:
 + Level 7.0 Fighting
 + Level 5.2 Short Blades
 + Level 2.4 Long Blades
 + Level 2.4 Axes
 + Level 2.4 Maces & Flails
 + Level 2.4 Polearms
 + Level 2.4 Staves
 + Level 2.4 Slings
 + Level 2.4 Bows
 + Level 2.4 Crossbows
 + Level 2.4 Throwing
 + Level 2.4 Armour
 + Level 5.2 Dodging
 + Level 9.9 Stealth
 + Level 2.4 Shields
 + Level 2.4 Unarmed Combat
 + Level 2.4 Spellcasting
 + Level 2.0 Conjurations
 + Level 2.0 Hexes
 + Level 2.0 Summonings
 + Level 2.0 Necromancy
 + Level 2.0 Translocations
 + Level 2.0 Transmutations
 + Level 2.0 Fire Magic
 + Level 2.0 Ice Magic
 + Level 2.0 Air Magic
 + Level 2.0 Earth Magic
 + Level 2.0 Poison Magic
 + Level 2.6 Invocations
 + Level 2.4 Evocations


You had 10 spell levels left.
You didn't know any spells.
Your spell library was empty.

Inventory:

Hand Weapons
 a - a +0 short sword {short}
 j - a +0 flail of protection {mace}
   (You found it on level 2 of the Dungeon)
 o - a +4 quarterstaff of chaos (weapon) {staff}
   (You took it off Crazy Yiuf on level 2 of the Dungeon)
Missiles
 h - 7 poisoned darts {throwing}
 k - 99 stones (quivered) {throwing}
 u - a throwing net {=f!fthrowing}
 v - 3 boomerangs {throwing}
Armour
 b - a +0 leather armour (melded)
 i - a +0 pair of gloves (melded)
   (You found it on level 3 of the Dungeon)
 l - a +0 pair of boots (melded)
   (You found it on level 1 of the Dungeon)
Jewellery
 n - a +6 ring of dexterity (left branch)
   (You found it on level 1 of the Dungeon)
Wands
 g - a wand of digging (3)
 q - a wand of iceblast (11)
   (You found it on level 2 of the Dungeon)
Scrolls
 c - a scroll of fog
 d - a scroll of magic mapping {!r}
Potions
 f - 2 potions of haste {@q3}
 m - 2 potions of curing {@q1}
 r - a potion of degeneration {!q@e2}

Dungeon Overview and Level Annotations

Branches:
Dungeon (6/15)             Temple (0/1) D:5

Altars:
Ashenzari
Xom

Shops:
D:5 [

Annotations:
D:4 Edmund

#....##..##...#.#
##.#.###..#......#.
#....................
#.........##...§.#...#
#.#...###.##..§..# ###
#.#...# #.##.§§§.#
#.#...# #.##.....#
#.###.###.##...###
#.....$..♣#.....
###.#.####g......
#....#


gg..... #....... ....... ##....### ....... ##.#.# ....... ....# #.....# .#####
#>..## You could see 3 gnolls.


Message History

The gnoll closely misses you.
The gnoll hits you from afar with a +0 spear. x2
* * * LOW HITPOINT WARNING * * *
😨 HP[-8]
You take 8 damage, and now have 29/60 hp.
Unknown command.
You hit the gnoll shaman. The gnoll misses you.
The gnoll shaman calls down the wrath of its god upon you.
You resist with some effort.
You closely miss the gnoll shaman.
You bite the gnoll shaman, but do no damage.
The gnoll hits you from afar with a +0 spear.
* * * LOW HITPOINT WARNING * * *
The gnoll shaman barely misses you. 😨 HP[-3]
You take 3 damage, and now have 26/60 hp.
You hit the gnoll shaman. You freeze the gnoll shaman.
The gnoll hits you from afar with a +0 spear.
* * * LOW HITPOINT WARNING * * *
😨 HP[-2]
You take 2 damage, and now have 24/60 hp.
Unknown command.
Unknown command.
You hit the gnoll shaman.
The gnoll shaman easily resists.
The gnoll barely misses you.
The gnoll shaman hits you but does no damage.
You closely miss the gnoll shaman.
The gnoll hits you from afar with a +0 spear.
* * * LOW HITPOINT WARNING * * *
The gnoll shaman closely misses you.
The gnoll hits you from afar with a +0 spear.
* * * LOW HITPOINT WARNING * * *
😨 HP[-6]
You take 6 damage, and now have 18/60 hp.
You barely miss the gnoll shaman.
The gnoll hits you from afar with a +0 spear.
* * * LOW HITPOINT WARNING * * *
The gnoll shaman hits you with a +0 club.
* * * LOW HITPOINT WARNING * * *
😱 HP[-9]
You take 9 damage, and now have 9/60 hp.
You feel much better.
The gnoll hits you from afar with a +0 spear.
* * * LOW HITPOINT WARNING * * *
😨 HP[+15]
You regained 15 hp, and now have 24/60 hp.
Really quaff
s - a potion of lignification {!q}?
Really quaff the potion of lignification?
You turn into a tree.
Your +0 pair of gloves melds into your body.
Your +0 pair of boots melds into your body.
Your +0 leather armour melds into your body.
Your roots penetrate the ground.
The gnoll hits you but does no damage.
The gnoll shaman hits you with a +0 club.
* * * LOW HITPOINT WARNING * * *
😨 HP[+9]
You now have 90 max hp (+30).
You regained 9 hp, and now have 33/90 hp.
You thump the gnoll shaman!
You kill the gnoll shaman!
The adder bites you but does no damage.
The gnoll hits you from afar with a +0 spear.
* * * LOW HITPOINT WARNING * * *
😨 HP[-1]
You take 1 damage, and now have 32/90 hp.
You completely miss the adder. The adder bites you but does no damage.
The gnoll hits you from afar with a +0 spear.
* * * LOW HITPOINT WARNING * * *
😨 HP[-3]
You take 3 damage, and now have 29/90 hp.
You sock the adder!
The adder is poisoned.
The adder bites you but does no damage. The gnoll completely misses you.
The adder completely misses you. 😨 HP[+1]
You closely miss the adder.
You kill the adder!
The gnoll hits you but does no damage. The gnoll hits you with a +0 flail!
* * * LOW HITPOINT WARNING * * *
Your Conjurations skill increases to level 2!
Your Hexes skill increases to level 2!
Your Summonings skill increases to level 2!
Your Necromancy skill increases to level 2!
Your Translocations skill increases to level 2!
Your Transmutations skill increases to level 2!
Your Fire Magic skill increases to level 2!
Your Ice Magic skill increases to level 2!
Your Air Magic skill increases to level 2!
Your Earth Magic skill increases to level 2!
Your Poison Magic skill increases to level 2! 😱 HP[-11]
You take 11 damage, and now have 19/90 hp.
You hit the gnoll. The gnoll hits you with a +0 flail!
* * * LOW HITPOINT WARNING * * *
The gnoll hits you from afar with a +0 spear.
* * * LOW HITPOINT WARNING * * *
The gnoll barely misses you. 😱 HP[-18]
You take 18 damage, and now have 1/90 hp.
You barely miss the gnoll. The gnoll hits you with a +0 flail!
You die...

Skill      XL: |  1  2  3  4  5  6  7 |
---------------+----------------------+-----
Stealth        | |  9.9
Invocations    | 1 2 |  2.6
Long Blades    | 1 2 |  2.4
Axes           | 1 2 |  2.4
Maces & Flails | 1 2 |  2.4
Polearms       | 1 2 |  2.4
Staves         | 1 2 |  2.4
Slings         | 1 2 |  2.4
Bows           | 1 2 |  2.4
Crossbows      | 1 2 |  2.4
Throwing       | 1 2 |  2.4
Armour         | 1 2 |  2.4
Shields        | 1 2 |  2.4
Unarmed Combat | 1 2 |  2.4
Spellcasting   | 1 2 |  2.4
Evocations     | 1 2 |  2.4
Conjurations   | 1 2 |  2.0
Hexes          | 1 2 |  2.0
Summonings     | 1 2 |  2.0
Necromancy     | 1 2 |  2.0
Translocations | 1 2 |  2.0
Transmutations | 1 2 |  2.0
Fire Magic     | 1 2 |  2.0
Ice Magic      | 1 2 |  2.0
Air Magic      | 1 2 |  2.0
Earth Magic    | 1 2 |  2.0
Poison Magic   | 1 2 |  2.0
Short Blades   | 5 |  5.2
Dodging        | 5 |  5.2
Fighting       | 7 |  7.0

Action                   |  1- 3 |  4- 6 |  7- 9 || total
-------------------------+-------+-------+-------++-------
Melee: Short sword       |    81 |    35 |       ||   116
       Bite              |     5 |     7 |     3 ||    15
       Punch             |       |     2 |       ||     2
       Quarterstaff      |       |    77 |    29 ||   106
Throw: Stone             |       |       |     6 ||     6
  Use: Potion            |       |     2 |     4 ||     6
       Scroll            |       |     6 |     1 ||     7
 Stab: Sleeping          |    10 |    16 |       ||    26
       Invisible         |       |     1 |       ||     1
Armor: Leather armour    |    27 |    15 |     3 ||    45
       Skin              |       |       |     5 ||     5
Dodge: Dodged            |    69 |    97 |    20 ||   186

Levels and vault maps discovered:
D:1:      roderic_octagonal_star, layout_loops_cross,
          chequers_ecumenical_altar_simple_redux
D:2:      layout_basic, grunt_decor_one_mirror, uniq_crazy_yiuf_cottage
D:3:      layout_basic, amethyst_overflow_temple_binary, uniq_sigmund
D:4:      layout_cave_pools, mainiacjoe_overflow_cross_hatched, uniq_edmund,
          uniq_ijyb, uniq_eustachio
D:5:      layout_loops_corners, mainiacjoe_overflow_brackets,
          minmay_temple_entry_purple_smoke, serial_shops, nicolae_diamond_shop
D:6:      layout_layer_cave, nicolae_qazlal_eye_of_the_storm, serial_undead,
          serial_undead_e, serial_undead_d, serial_undead_c, serial_undead_c,
          ebering_ghost_sewer_f, nicolae_figureground_sparkle

Notes
Turn   | Place    | Note
-------+----------+-------------------------------------------
     0 | D:5      | Reached skill level 9 in Stealth
     0 | D:5      | spaghetti the Gnoll Delver began the quest for the Orb.
     0 | D:5      | Reached XP level 1. HP: 23/23 MP: 1/1
     0 | D:5      | magus.rc [v1.9.6]
     1 | D:6      | Noticed a water moccasin
     9 | D:5      | Found Beuwa's Armour Shop.
   140 | D:5      | Reached XP level 2. HP: 29/29 MP: 2/2
   385 | D:2      | Reached XP level 3. HP: 35/35 MP: 3/3
   598 | D:2      | Reached skill level 1 in Invocations
   682 | D:1      | Found a faded altar of an unknown god.
   751 | D:1      | Reached skill level 1 in Long Blades
   751 | D:1      | Reached skill level 1 in Axes
   751 | D:1      | Reached skill level 1 in Maces & Flails
   751 | D:1      | Reached skill level 1 in Polearms
   751 | D:1      | Reached skill level 1 in Staves
   751 | D:1      | Reached skill level 1 in Slings
   751 | D:1      | Reached skill level 1 in Bows
   751 | D:1      | Reached skill level 1 in Crossbows
   751 | D:1      | Reached skill level 1 in Throwing
   751 | D:1      | Reached skill level 1 in Armour
   751 | D:1      | Reached skill level 1 in Shields
   751 | D:1      | Reached skill level 1 in Unarmed Combat
   751 | D:1      | Reached skill level 1 in Spellcasting
   751 | D:1      | Reached skill level 1 in Evocations
   829 | D:1      | Reached XP level 4. HP: 40/41 MP: 5/5
  1493 | D:2      | Reached skill level 1 in Conjurations
  1493 | D:2      | Reached skill level 1 in Hexes
  1493 | D:2      | Reached skill level 1 in Summonings
  1493 | D:2      | Reached skill level 1 in Necromancy
  1493 | D:2      | Reached skill level 1 in Translocations
  1493 | D:2      | Reached skill level 1 in Transmutations
  1493 | D:2      | Reached skill level 1 in Fire Magic
  1493 | D:2      | Reached skill level 1 in Ice Magic
  1493 | D:2      | Reached skill level 1 in Air Magic
  1493 | D:2      | Reached skill level 1 in Earth Magic
  1493 | D:2      | Reached skill level 1 in Poison Magic
  1605 | D:2      | Found a runed translucent door.
  1606 | D:2      | Noticed Crazy Yiuf
  1799 | D:2      | Killed Crazy Yiuf
  1800 | D:2      | Reached XP level 5. HP: 30/47 MP: 6/6
  2885 | D:3      | Noticed Sigmund
  2895 | D:3      | Killed Sigmund
  2896 | D:3      | Reached skill level 5 in Short Blades
  2896 | D:3      | Reached skill level 2 in Long Blades
  2896 | D:3      | Reached skill level 2 in Axes
  2896 | D:3      | Reached skill level 2 in Maces & Flails
  2896 | D:3      | Reached skill level 2 in Polearms
  2896 | D:3      | Reached skill level 2 in Staves
  2896 | D:3      | Reached skill level 2 in Slings
  2896 | D:3      | Reached skill level 2 in Bows
  2896 | D:3      | Reached skill level 2 in Crossbows
  2896 | D:3      | Reached skill level 2 in Throwing
  2896 | D:3      | Reached skill level 2 in Armour
  2896 | D:3      | Reached skill level 5 in Dodging
  2896 | D:3      | Reached skill level 2 in Shields
  2896 | D:3      | Reached skill level 2 in Unarmed Combat
  2896 | D:3      | Reached skill level 2 in Spellcasting
  2896 | D:3      | Reached skill level 2 in Invocations
  2896 | D:3      | Reached skill level 2 in Evocations
  2896 | D:3      | Reached XP level 6. HP: 36/53 MP: 7/9
  3272 | D:3      | Found a broken altar of Ashenzari.
  3279 | D:3      | Found a shimmering altar of Xom.
  3501 | D:4      | Noticed Edmund
  3507 | D:4      | HP: 12/53 [Edmund/+2 vorpal flail (4)]
  3752 | D:5      | Noticed an ice beast
  3771 | D:5      | Killed an ice beast
  3772 | D:5      | Reached XP level 7. HP: 33/59 MP: 10/10
  3779 | D:5      | HP: 13/59 [poisoned by a scorpion]
  3781 | D:5      | Reached skill level 7 in Fighting
  4370 | D:5      | Found a staircase to the Ecumenical Temple.
  4417 | D:5      | HP: 14/60 [gnoll/+0 spear[a gnoll shaman] (4)]
  4423 | D:5      | HP: 19/90 [gnoll/+0 flail[a gnoll shaman] (11)]
  4424 | D:5      | Reached skill level 2 in Conjurations
  4424 | D:5      | Reached skill level 2 in Hexes
  4424 | D:5      | Reached skill level 2 in Summonings
  4424 | D:5      | Reached skill level 2 in Necromancy
  4424 | D:5      | Reached skill level 2 in Translocations
  4424 | D:5      | Reached skill level 2 in Transmutations
  4424 | D:5      | Reached skill level 2 in Fire Magic
  4424 | D:5      | Reached skill level 2 in Ice Magic
  4424 | D:5      | Reached skill level 2 in Air Magic
  4424 | D:5      | Reached skill level 2 in Earth Magic
  4424 | D:5      | Reached skill level 2 in Poison Magic
  4424 | D:5      | HP: 5/90 [gnoll/+0 flail[a gnoll shaman] (14)]
  4424 | D:5      | HP: 1/90 [gnoll/+0 spear[a gnoll shaman] (4)]
  4425 | D:5      | Mangled by a gnoll

Vanquished Creatures
  Sigmund (D:3)
  An ice beast (D:5)
  A scorpion (D:5)
  A gnoll shaman (D:5)
  Crazy Yiuf (D:2)
  3 gnolls (D:3)
  11 adders
  A worm (D:3)
  2 dart slugs (D:1)
  6 orcs
  3 endoplasms
  2 giant cockroaches (D:1)
  9 goblins
  3 hobgoblins
  6 jackals
  2 quokkas (D:3)
  5 ball pythons
  9 bats
  4 frilled lizards
  3 kobolds
  5 rats
79 creatures vanquished.

Table legend:
 A = Non-vault XP
 B = Vault XP
 C = Vault XP percentage of total XP
 D = Non-vault monster count
 E = Vault monster count
 F = Vault count percentage of total count
                 A         B        C        D         E       F
            +---------+---------+-------+---------+---------+-------
      Total |     546 |     253 |  31.7 |      77 |       2 |   2.5
            +---------+---------+-------+---------+---------+-------
        D:1 |      46 |       0 |   0.0 |      27 |       0 |   0.0
        D:2 |      51 |      39 |  43.3 |      17 |       1 |   5.6
        D:3 |     130 |     214 |  62.2 |      23 |       1 |   4.2
        D:4 |      13 |       0 |   0.0 |       1 |       0 |   0.0
        D:5 |     306 |       0 |   0.0 |       9 |       0 |   0.0
            +---------+---------+-------+---------+---------+-------

Illustrated notes

Table legend:
 A = Kills in this place as a percentage of kills in entire the game.
 B = Kills by you in this place as a percentage of kills by you in the entire game.
 C = Kills by friends in this place as a percentage of kills by friends in the entire game.
 D = Other kills in this place as a percentage of other kills in the entire game.
 E = Experience gained in this place as a percentage of experience gained in the entire game.
 F = Experience gained in this place divided by the number of levels of this place that you have seen.
                   A       B       C       D       E      F
               +-------+-------+-------+-------+-------+----------------------
         Total | 100.0 | 100.0 |   N/A |   N/A | 100.0 | 133.2
       Dungeon | 100.0 | 100.0 |   N/A |   N/A | 100.0 | 133.2
               +-------+-------+-------+-------+-------+----------------------

Table legend: (Time is in decaauts)
 A = Elapsed time spent in this place.
 B = Non-inter-level travel time spent in this place.
 C = Inter-level travel time spent in this place.
 D = Time resting spent in this place.
 E = Time spent auto-exploring this place.
 F = Levels seen in this place.
 G = Mean time per level.
                   A        B        C        D        E       F      G
               +--------+--------+--------+--------+--------+-----+--------+
         Total |   4430 |   4291 |    139 |    353 |   3324 |   6 |  738.3 |
       Dungeon |   4430 |   4291 |    139 |    353 |   3324 |   6 |  738.3 |
               +--------+--------+--------+--------+--------+-----+--------+

Top non-repeatable levels by time:
     D:3: 1716 daAuts
     D:5: 1057 daAuts
     D:2: 900 daAuts
     D:1: 718 daAuts
     D:4: 36 daAuts
     D:6: 1 daAuts
